 Dungeon Crawl Stone Soup version 0.18.1-50-g88ac8fd (webtiles) character file.

119 juanjsm the Sneak (level 4, -3/22 HPs)
             Began as a Spriggan Enchanter on Dec 5, 2016.
             Killed by divine providence
             ... invoked by an orc priest
              (12 damage)
             ... on level 4 of the Dungeon.
             The game lasted 00:05:05 (2397 turns).

juanjsm the Sneak (Spriggan Enchanter)              Turns: 2397, Time: 00:05:06

Health: -3/22      AC:  3    Str:  4    XL:     4   Next: 74%
Magic:  7/10       EV: 19    Int: 16    God:
Gold:   158        SH:  0    Dex: 17    Spells: 4 memorised, 1 level left

rFire  . . .     SeeInvis +     a - +1 dagger
rCold  . . .     Gourm    .     b - +1 robe
rNeg   . . .     Faith    .     (shield restricted)
rPois  .         Spirit   .     (helmet restricted)
rElec  .         Dismiss  .     (no cloak)
rCorr  .         Reflect  .     (gloves unavailable)
SustAt .         Harm     .     (boots unavailable)
MR     .....                    (no amulet)
Stlth  +++.......               (no ring)
                                (no ring)

@: very quick, not resistant to hostile enchantments, fairly stealthy
A: unfitting armour, see invisible, herbivore 3, speed 3, slow metabolism 2
a: no special abilities


You were on level 4 of the Dungeon.
You were not hungry.

You visited 1 branch of the dungeon, and saw 4 of its levels.

You collected 158 gold pieces.

Inventory:

Hand Weapons
 a - a +1 dagger (weapon)
Armour
 b - a +1 robe (worn)
Jewellery
 r - a cursed ring of teleportation {unknown}
Wands
 v - a wand of iceblast (6/15)
Scrolls
 e - 4 scrolls of fear {unknown}
 f - 5 scrolls of remove curse {unknown}
 g - 3 scrolls of recharging {unknown}
 h - 2 scrolls of enchant armour {unknown}
 l - 3 scrolls of teleportation {unknown}
 m - 2 scrolls of noise {unknown}
 o - 4 scrolls of identify {unknown}
 s - a scroll of blinking {unknown}
 t - a scroll of amnesia {unknown}
Potions
 i - 2 potions of cancellation {unknown}
 j - 2 potions of curing {unknown}
 k - a potion of magic {unknown}
 n - a potion of brilliance {unknown}
 q - a potion of might {unknown}
 u - 2 potions of invisibility {unknown}
 w - a potion of degeneration {unknown}
Books
 c - a book of Maledictions

   Spells                             Type                      Level
   a - Corona                         Hexes                        1
   b - Ensorcelled Hibernation        Hexes/Ice                    2
   c - Confuse                        Hexes                        3
   d - Tukima's Dance                 Hexes                        3
   e - Dazzling Spray                 Conjuration/Hexes            3
Comestibles
 d - 3 bread rations
 p - 2 slices of pizza


   Skills:
 + Level 1.2 Fighting
 + Level 2.1 Short Blades
 + Level 3.6 Dodging
 + Level 5.4 Stealth
 + Level 3.6 Spellcasting
 + Level 4.3 Hexes


You had one spell level left.
You knew the following spells:

 Your Spells              Type           Power        Failure   Level  Hunger
a - Corona                Hex            ###....      3%          1    None
b - Ensorcelled Hibernat  Hex/Ice        #.....       12%         2    ##.....
c - Confuse               Hex            ###.....     12%         3    ###....
d - Dazzling Spray        Conj/Hex       #.....       21%         3    ###....


Dungeon Overview and Level Annotations

Branches:
Dungeon (4/15)
 Temple: D:4-7

Altars:
Cheibriados
Dithmenos
Gozag

Shops:
D:3 *


Innate Abilities, Weirdness & Mutations

You are tiny and cannot use many weapons and most armour.
You have supernaturally acute eyesight.
You are a herbivore.
You cover ground extremely quickly.
You need consume almost no food.


Message History

Confirm with . or Enter, or press ? or * to list all spells.
Aiming: Dazzling Spray
Press: ? - help, Shift-Dir - straight line, f - orc priest
Aim: an orc priest, wielding a short sword The spray of energy hits the orc priest.
The orc priest is moderately wounded.
The spray of energy hits the orc priest.
The orc priest is lightly wounded.
The orc priest shouts!
The spray of energy hits the dart slug.
The dart slug is severely wounded.
The dart slug is dazzled.
The orc shouts!
The orc priest mumbles some strange prayers to Beogh against you.
Beogh smites you!
Ouch! That really hurt!
The orc priest calls down the wrath of Beogh upon you.
Beogh smites you!
Ouch! That really hurt!
You die...

############
...........###
.....o.....
..w.o...#
#####..o...#
......)....#
......o....#
..###.#@####
<. #.# ## #.#
#........#
#.####.#.#
#..... #.. ...
#.......# ....
...#


You could see 2 orc priests, a dart slug (blind) and 2 orcs.

Vanquished Creatures
  An orc wizard (D:4)
  5 adders
  An ooze (D:2)
  A worm (D:2)
  A dart slug (D:1)
  A giant gecko (D:1)
  4 bats
  2 giant cockroaches (D:1)
  4 goblins
  4 hobgoblins
  2 jackals (D:3)
  5 kobolds
  5 giant newts
  4 rats
40 creatures vanquished.

Notes
Turn   | Place    | Note
--------------------------------------------------------------
     0 | D:1      | juanjsm the Spriggan Enchanter began the quest for the Orb.
     0 | D:1      | Reached XP level 1. HP: 9/9 MP: 5/5
    97 | D:1      | Reached XP level 2. HP: 7/13 MP: 1/6
   276 | D:1      | Learned a level 2 spell: Ensorcelled Hibernation
   722 | D:2      | Reached XP level 3. HP: 17/17 MP: 8/8
   727 | D:2      | Learned a level 3 spell: Confuse
  1160 | D:2      | Reached skill level 5 in Stealth
  1168 | D:2      | Reached skill level 1 in Fighting
  1235 | D:2      | Found a snail-covered altar of Cheibriados.
  1638 | D:3      | Reached XP level 4. HP: 17/22 MP: 7/10
  1643 | D:3      | Learned a level 3 spell: Dazzling Spray
  1727 | D:3      | Found an opulent altar of Gozag.
  1767 | D:3      | Found Gozag's Platinum Reserve.
  1858 | D:3      | Found a shadowy altar of Dithmenos.
  2397 | D:4      | Killed from afar by an orc priest

Skill      XL: |  1  2  3 |
---------------+----------+-----
Spellcasting   | 3 |  3.6
Hexes          | 4 |  4.3
Short Blades   | 2 |  2.1
Stealth        | 5 |  5.4
Fighting       | 1 |  1.2
Dodging        | |  3.6

Action                   |  1- 3 |  4- 6 || total
-------------------------+-------+-------++-------
Melee: Dagger            |    75 |    13 ||    88
 Cast: Corona            |     8 |       ||     8
       Ensorcelled Hiber |    15 |     3 ||    18
       Confuse           |     2 |     1 ||     3
       Dazzling Spray    |       |     1 ||     1
 Stab: Sleeping          |    20 |     8 ||    28
       Confused          |     1 |       ||     1
Armor: Robe              |     6 |       ||     6
Dodge: Dodged            |    41 |     5 ||    46
